AoeStats
← Jujubignol

Scandinavia

510559813Analyzed
1v1 RM · 22h ago on Oct 1, 2026· 33m 45s· 2 players
Game mode
Random Map
Map size
Tiny (2 player)
Population
200
Speed
Normal
Resources
Standard
Victory
Conquest
Starting age
Dark Age
Ending age
Imperial Age
RankedLock teamsTeams togetherTeam positionsShared explorationLock speedFull tech treeHidden civsTurbo modeCheats
Victory
Defeat
🇵🇱 Lithuanians · Poland
828
+16
🇫🇷 Magyars · France
820
-42
Jujubignol
0:36 Loom
12:01 Feudal Age
12:40 Double-Bit Axe
16:27 Wheelbarrow
16:37 Scale Barding Armor
18:42 Horse Collar
24:55 Scale Mail Armor
29:49 Castle Age
30:28 Pikeman
31:36 Chain Mail Armor
32:26 Bow Saw
meredovazat
10:36 Feudal Age
12:04 Double-Bit Axe
17:41 Castle Age
15:38 Gold Mining
15:32 Horse Collar
17:34 Bloodlines
17:40 Forging
20:55 Scale Mail Armor
21:31 Bow Saw
21:59 Husbandry
22:30 Scale Barding Armor
26:29 Iron Casting
26:10 Chain Mail Armor
26:06 Stone Mining
30:06 Squires
29:52 Arson
29:28 Man-at-Arms
33:15 Imperial Age
31:05 Fishing Lines
32:45 Stone Shaft Mining
32:37 Chain Barding Armor
32:50 Murder Holes
32:37 Long Swordsman
33:45 Two-Handed Swordsman
Connection lost

Rejoining the realm…

Still unreachable

The connection could not be restored.

Session expired

The server has moved on; the page needs a fresh start.